 Dungeon Crawl Stone Soup version 0.31-a0-175-g9f7f995f2b (webtiles) character file.

Game seed: 7523382989206213880

744 qw the Skirmisher (level 7, -6/44 HPs)
             Began as a Gargoyle Hunter on June 17, 2023.
             Was an Initiate of Okawaru.
             Splashed by a jelly's acid (8 damage)
             ... on level 5 of the Dungeon.
             The game lasted 00:01:41 (3410 turns).

qw the Skirmisher (Gargoyle Hunter)                 Turns: 3410, Time: 00:01:42

Health: -6/44      AC: 16    Str: 12 (14) XL:     7   Next: 76%
Magic:  7/7        EV: 10    Int:  9 (10) God:    Okawaru [......]
Gold:   213        SH:  0    Dex: 14 (15) Spells: 6/6 levels left

rFire   + . .        g - +1 shortbow (heavy)
rCold   . . .        (shield currently unavailable)
rNeg    + . .        d - +2 ring mail {rF+}
rPois   inf          m - +1 helmet {SInv}
rElec   +            (no cloak)
rCorr   .            j - +0 pair of gloves
SInv    +            b - +0 pair of boots
Will    .....        (no amulet)
Stlth   +            (no ring)
HPRegen 0.27/turn    (no ring)
MPRegen 0.10/turn

%: no passive effects
@: no status effects
A: sickness immunity, AC +4, negative energy resistance 1, electricity
resistance, torment resistance 1, petrification resistance
a: Renounce Religion


You were on level 5 of the Dungeon.
You worshipped Okawaru.
Okawaru was noncommittal.
You visited 2 branches of the dungeon, and saw 6 of its levels.
You also visited: Sewer.

You collected 213 gold pieces.


Innate Abilities, Weirdness & Mutations

You are immune to sickness and miasma.
Your stone body is resilient. (AC +4)
You are immune to poison.
You resist negative energy. (rN+)
You are resistant to electric shocks. (rElec)
You are resistant to unholy torment.
You are immune to petrification.


   Skills:
 + Level 4.9 Fighting
 - Level 8.0 Ranged Weapons
 - Level 2.1 Armour
 - Level 1.5 Dodging
 - Level 1.1 Stealth


You had 6 spell levels left.
You didn't know any spells.
Your spell library was empty.

Inventory:

Hand Weapons
 g - a +1 heavy shortbow (weapon)
Armour
 b - a +0 pair of boots (worn)
 d - a +2 ring mail of fire resistance (worn)
 j - a +0 pair of gloves (worn)
 m - a +1 helmet of see invisible (worn)
Scrolls
 n - a scroll of teleportation
Potions
 a - a potion of attraction
 e - a potion of haste
 f - a potion of mutation {unknown}
 h - a potion of brilliance {unknown}
 i - 3 potions of heal wounds
 k - 2 potions of curing
 l - a potion of lignification {unknown}

Dungeon Overview and Level Annotations

Branches:
Dungeon (5/15)             Temple (1/1) D:5           Sewer (visited)

Altars:
Ashenzari
Dithmenos
Elyvilon
Fedhas
Gozag
Hepliaklqana
Kikubaaqudgha
Makhleb
Nemelex Xobeh
Okawaru
Ru
Sif Muna
Uskayaw
Vehumet
Yredelemnul
The Shining One

Shops:
D:2 ([

Annotations:
D:2 exclusion: spectral thing


Message History

Press < or > to pray at altars.
Done exploring.
Press < or > to pray at altars.
Press < or > to pray at altars.
You kneel at the altar of Okawaru.
Okawaru welcomes you!
Press < or > to pray at altars.
Press < or > to pray at altars.
Press < or > to pray at altars.
Press < or > to pray at altars.
3374 ||| PLANNING D:1-11 Press < or > to pray at altars.
Done exploring.
Press < or > to pray at altars.
Press < or > to pray at altars.
(D) Dungeon (T) Temple
Where to? (* - list waypoints, Enter - Temple @ (x,y), ? - help)
What level of the Dungeon? (default 5, ? - help) Press < or > to pray at altars.
There is a staircase back to the Dungeon here.
You climb upwards.
Welcome back to the Dungeon!
There is a staircase to the Ecumenical Temple here.
Enter note: An ogre comes into view. It is wielding a +0 giant club.
Found a stone staircase leading down.
Enter note: You shoot an arrow.
The arrow hits the ogre.
The ogre shouts!
The ogre is lightly wounded.
A jelly comes into view.
You shoot an arrow. The arrow hits the ogre.
The ogre is moderately wounded.
The ogre hits you with a +0 giant club!!
You shoot an arrow. The arrow hits the ogre.
The ogre is heavily wounded.
The ogre completely misses you.
You shoot an arrow. The arrow completely misses the ogre.
The ogre hits you with a +0 giant club!
You shoot an arrow. The arrow hits the ogre!
The ogre is severely wounded.
The ogre hits you with a +0 giant club! The jelly hits you.
You are splashed with acid!
You die...

##........#.......######...
#.....#............## ##..
##....#.............# #.
###.##............## #
#.##...............
#####.........##....
#.....####..# #..# #.....#
...# ..# ##...@# .... .#
#....JO.......
#...#........ #..##........
### ......... #........
#........ #.....>##


You could see an ogre and a jelly.

Vanquished Creatures
  Sigmund (D:3)
  2 bullfrogs (Sewer)
  A scorpion (D:4)
  2 orc priests (D:3)
  An iguana (D:5)
  3 orc wizards
  13 adders
  A worm (D:2)
  8 orcs
  7 ball pythons
  10 bats
  8 endoplasms
  10 giant cockroaches
  10 goblins
  2 hobgoblins
  5 jackals (D:3)
  13 quokkas
  8 frilled lizards
  12 kobolds
  5 rats
  A spectral goblin (D:2)
123 creatures vanquished.

Notes
Turn   | Place    | Note
-------+----------+-------------------------------------------
     0 | D:1      | qw the Gargoyle Hunter began the quest for the Orb.
     0 | D:1      | Reached XP level 1. HP: 12/12 MP: 1/1
     0 | D:1      | 0 ||| qw: Version: 0.3-a-2-g5ab2908
     0 | D:1      | 0 ||| qw: Game counter: 297
     0 | D:1      | 0 ||| qw: Always use a shield: true
     0 | D:1      | 0 ||| qw: God list: Okawaru
     0 | D:1      | 0 ||| qw: Allow faded altars: false
     0 | D:1      | 0 ||| qw: Do Orc after D:15 true
     0 | D:1      | 0 ||| qw: Do second Lair branch before Depths: true
     0 | D:1      | 0 ||| qw: Lair rune preference: random
     0 | D:1      | 0 ||| qw: Plans: Normal, Zot:1-4, Slime:5, God:TSO, Crypt,
                  | Tomb, Abyss, Pan, Hells, Win
     0 | D:1      | 0 ||| PLANNING D:1-11
   188 | D:1      | Reached XP level 2. HP: 17/17 MP: 2/2
   635 | D:1      | 635 ||| UPGRADING to +2 ring mail of fire resistance.
   645 | D:1      | 645 ||| DROPPING +0 leather armour.
   646 | D:1      | 646 ||| READING scroll labelled WEAQOG SABOA.
   647 | D:1      | 647 ||| READING scroll labelled KOSHIE UTIG.
   648 | D:1      | 648 ||| DROPPING scroll of butterflies.
   669 | D:2      | 669 ||| FLEEEEING.
   670 | D:2      | 670 ||| FLEEEEING.
   672 | D:2      | 672 ||| STAIRDANCE
   698 | D:2      | Reached XP level 3. HP: 20/21 MP: 3/3
   766 | D:2      | Found Pipuc's Antique Armour Boutique.
   773 | D:2      | 773 ||| SHOPLISTING quicksilver dragon scales (1680 gold,
                  | have 75).
   837 | D:2      | Reached XP level 4. HP: 26/26 MP: 4/4
   861 | D:2      | Reached skill level 5 in Ranged Weapons
   916 | D:2      | Found Zimn's Antique Weapon Shop.
   973 | D:2      | 973 ||| FLEEEEING.
   974 | D:2      | 974 ||| FLEEEEING.
  1147 | D:2      | 1147 ||| UPGRADING to +0 pair of boots.
  1152 | D:2      | 1152 ||| UPGRADING to +0 pair of gloves.
  1157 | D:2      | 1157 ||| READING scroll labelled UNKIKHL IRIE.
  1158 | D:2      | 1158 ||| DRINKING 2 fuming yellow potions.
  1168 | D:2      | Found a faded altar of an unknown god.
  1289 | D:3      | 1289 ||| PLANNING SEWER
  1394 | D:3      | Reached skill level 3 in Fighting
  1461 | D:3      | 1461 ||| DROPPING +0 sling of freezing.
  1563 | D:3      | Found a shadowy altar of Dithmenos.
  1563 | D:3      | Noticed Sigmund
  1573 | D:3      | Killed Sigmund
  1574 | D:3      | Reached skill level 6 in Ranged Weapons
  1574 | D:3      | Reached XP level 5. HP: 26/32 MP: 5/5
  1574 | D:3      | Reached XP level 6. HP: 30/37 MP: 6/6
  1718 | D:3      | 1718 ||| Stepping ~*~*~tactically~*~*~ (water).
  1729 | D:3      | 1729 ||| Stepping ~*~*~tactically~*~*~ (water).
  1734 | D:3      | Found a glowing drain.
  1753 | D:3      | 1753 ||| UPGRADING to +1 helmet of see invisible.
  1758 | D:3      | 1758 ||| READING scroll labelled FUEFIC ADEHIE.
  1759 | D:3      | 1759 ||| READING scroll labelled ICIUG JYAPT.
  1762 | D:3      | 1762 ||| Stepping ~*~*~tactically~*~*~ (water).
  1766 | Sewer    | Entered a sewer
  1778 | Sewer    | 1778 ||| Stepping ~*~*~tactically~*~*~ (water).
  1791 | Sewer    | 1791 ||| Stepping ~*~*~tactically~*~*~ (water).
  1805 | Sewer    | 1805 ||| Stepping ~*~*~tactically~*~*~ (water).
  1843 | Sewer    | 1843 ||| Stepping ~*~*~tactically~*~*~ (water).
  1988 | Sewer    | Reached skill level 7 in Ranged Weapons
  1988 | Sewer    | Reached XP level 7. HP: 34/43 MP: 7/7
  2062 | Sewer    | 2062 ||| READING scroll of enchant weapon.
  2062 | Sewer    | 2062 ||| ENCHANTING +0 heavy shortbow.
  2254 | Sewer    | 2254 ||| READING scroll labelled SEANYSMIGIRGH.
  2258 | Sewer    | 2258 ||| READING scroll labelled TIRYLE ITUAVAV.
  2410 | D:3      | 2410 ||| PLANNING D:1-11
  2682 | D:3      | 2682 ||| DRINKING 2 fuming red potions.
  2683 | D:3      | 2683 ||| DRINKING 2 fizzy golden potions.
  2795 | D:4      | Found a shimmering blue altar of Sif Muna.
  2819 | D:4      | Reached skill level 8 in Ranged Weapons
  3030 | D:4      | Identified the +8 spear "Sonoanax" {protect, Will+}
  3241 | D:4      | 3241 ||| DRINKING 2 emerald potions.
  3242 | D:4      | 3242 ||| DRINKING 2 ruby potions.
  3243 | D:4      | 3243 ||| DROPPING potion of degeneration.
  3270 | D:5      | Entered Level 5 of the Dungeon
  3323 | D:5      | Found a staircase to the Ecumenical Temple.
  3324 | D:5      | 3324 ||| PLANNING TEMPLE
  3333 | Temple   | Entered the Ecumenical Temple
  3357 | Temple   | 3357 ||| PLANNING OKAWARU WORSHIP
  3373 | Temple   | Became a worshipper of Warmaster Okawaru
  3374 | Temple   | 3374 ||| PLANNING D:1-11
  3410 | D:5      | HP: 3/44 [ogre/+0 giant club (9)]
  3410 | D:5      | Splashed by a jelly's acid

Levels and vault maps discovered:
D:1:      lemuel_arrival_funnel, layout_loops_ring
D:2:      layout_basic, serial_shops, shop, shop,
          dreamdust_ecumenical_altar_drowned_temple
D:3:      layout_loops_ring, nicolae_dithmenos_shadow_blocks,
          gup_sewer_entry_pipe, serial_aquarium, aquarium_bridge_island_small
          [aquarium_subvault_small_water, aquarium_subvault_window,
          aquarium_subvault_window, aquarium_subvault_bridge,
          aquarium_subvault_wall], aquarium_window_1, aquarium_window_fake,
          aquarium_window_fake, aquarium_window_1, aquarium_view_2e,
          aquarium_view_4, aquarium_balcony_5b, uniq_sigmund
D:4:      layout_basic, kennysheep_orc_sif_temple, minmay_box_of_dots
D:5:      layout_cave_pools, temple_fountains, serial_gnoll_camp,
          gnoll_camp_mini_basic, gnoll_camp_mini_sergeant, gnoll_camp_mini_hut,
          gnoll_camp_mini_house, serial_bayou_pond_b
Temple:   nicolae_temple_ecumenical_triangle

Skill      XL: |  1  2  3  4  5  6  7 |
---------------+----------------------+-----
Armour         | 2 |  2.1
Ranged Weapons | 6 7 8 |  8.0
Fighting       | 3 4 |  4.9
Dodging        | |  1.5
Stealth        | |  1.1

Action                     |  1- 3 |  4- 6 |  7- 9 || total
---------------------------+-------+-------+-------++-------
   Fire: Shortbow          |    79 |   182 |   102 ||   363
    Use: Scroll            |     2 |     3 |     3 ||     8
         Potion            |       |     1 |     4 ||     5
 Armour: Leather armour    |     9 |       |       ||     9
         Ring mail         |    17 |   118 |    52 ||   187
  Dodge: Dodged            |    27 |   125 |    45 ||   197

Table legend:
 A = Non-vault XP
 B = Vault XP
 C = Vault XP percentage of total XP
 D = Non-vault monster count
 E = Vault monster count
 F = Vault count percentage of total count
                 A         B        C        D         E       F
            +---------+---------+-------+---------+---------+-------
      Total |     454 |     609 |  57.3 |      86 |      37 |  30.1
            +---------+---------+-------+---------+---------+-------
        D:1 |      30 |       0 |   0.0 |      18 |       0 |   0.0
        D:2 |      81 |       1 |   1.2 |      26 |       1 |   3.7
        D:3 |     196 |     237 |  54.7 |      31 |       8 |  20.5
        D:4 |      97 |      93 |  48.9 |       8 |       6 |  42.9
        D:5 |      50 |       0 |   0.0 |       3 |       0 |   0.0
      Sewer |       0 |     278 | 100.0 |       0 |      22 | 100.0
            +---------+---------+-------+---------+---------+-------
